 Dungeon Crawl Stone Soup version 0.17-a0-1636-g3119f2b (webtiles) character file.

88 urechis the Grave Robber (level 4, 0/21 HPs)
             Began as a Vine Stalker Necromancer on Aug 6, 2015.
             Slain by Grinder (1 damage)
             ... on level 3 of the Dungeon.
             The game lasted 00:04:31 (1573 turns).

urechis the Grave Robber (Vine Stalker Necromancer) Turns: 1573, Time: 00:04:32

Health: 0/21       AC:  4    Str: 11    XL:     4   Next: 53%
Magic:  0/8        EV: 12    Int: 16    God:
Gold:   156        SH:  0    Dex: 14    Spells: 1 memorised, 6 levels left

rFire  . . .     SeeInvis .     k - +0 dagger (curse)
rCold  . . .     Clarity  .     a - +0 robe
rNeg   . . .     SustAt   .     (no shield)
rPois  .         Gourm    .     (no helmet)
rElec  .         Spirit   +     (no cloak)
rCorr  .         Warding  .     (no gloves)
rMut   .         Stasis   .     e - +1 pair of boots
MR     .....                    (no amulet)
Stlth  ++........               (no ring)
                                (no ring)

@: not resistant to hostile enchantments, unstealthy
A: fangs 2, regeneration 1, magic shield, antimagic bite, no device heal 3, rot
immunity
a: no special abilities


You were on level 3 of the Dungeon.
You were hungry.

You visited 1 branch of the dungeon, and saw 3 of its levels.

You collected 156 gold pieces.

Inventory:

Hand weapons
 k - a cursed +0 dagger (weapon)
Armour
 a - a +0 robe (worn)
 e - a +1 pair of boots (worn)
Scrolls
 i - a scroll of blinking {unknown}
 j - 3 scrolls of identify {unknown}
 n - a scroll of fear {unknown}
 p - a scroll of amnesia {unknown}
Potions
 g - 2 potions of flight {unknown}
 h - 2 potions of invisibility {unknown}
 l - a potion of might {unknown}
 m - a potion of degeneration {unknown}
 o - 2 potions of curing {unknown}
 q - a potion of brilliance {unknown}
Books
 b - a book of Necromancy

   Spells                             Type                      Level
   a - Pain                           Necromancy                   1
   b - Animate Skeleton               Necromancy                   1
   c - Vampiric Draining              Necromancy                   3
   d - Regeneration                   Charms/Necromancy            3
   e - Animate Dead                   Necromancy                   4
   f - Control Undead                 Necromancy                   4
Comestibles
 c - a bread ration
 d - 2 meat rations
 f - a royal jelly


   Skills:
 - Level 1.5 Dodging
 - Level 2.4 Stealth
 - Level 2.1 Spellcasting
 + Level 5.8 Necromancy


You had 6 spell levels left.
You knew the following spells:

 Your Spells              Type           Power        Failure   Level  Hunger
a - Pain                  Necr           ###.         1%          1    #......


Dungeon Overview and Level Annotations

Branches:
Dungeon (3/15)

Altars:
Cheibriados
Okawaru
Trog

Annotations:
D:3 Grinder


Innate Abilities, Weirdness & Mutations

You have extremely sharp teeth.
Your natural rate of healing is unusually fast.
When hurt, damage is shared between your health and your magic reserves.
Your bite disrupts and absorbs the magic of your enemies.
Potions and wands cannot restore your health.
You are immune to rotting.


Message History

Grinder blinks!
You hit Grinder. Your bite misses Grinder.
Grinder is lightly wounded.
Grinder hits you.
You writhe in agony.
You writhe in agony.
You hit Grinder but do no damage. You bite Grinder.
Grinder's magic leaks into the air.
You drain his magic.
You feel invigorated.
Grinder is moderately wounded.
Grinder falters for a moment.
You closely miss Grinder.
Grinder is moderately wounded.
Grinder hits you.
You writhe in agony.
You writhe in agony.
You barely miss Grinder.
Grinder is moderately wounded.
Grinder barely misses you.
You hit Grinder.
Grinder is moderately wounded.
Grinder hits you!
* * * LOW HITPOINT WARNING * * *
You writhe in agony.
You die...

#####..#
#.....# #....#
+....## #.....#
#)# #)# #.# #@#
##5######
#.......#
#..(....####
#...........
#...........
............%.<
.....######....
#..... ....


You could see Grinder.

Vanquished Creatures
  3 adders (D:2)
  A worm (D:2)
  2 giant geckos
  An orc (D:3)
  A ball python (D:2)
  5 giant cockroaches
  5 goblins
  8 hobgoblins
  4 jackals (D:2)
  9 kobolds
  A quokka (D:2)
  5 bats
  A giant newt (D:2)
  7 rats
53 creatures vanquished.

Notes
Turn   | Place    | Note
--------------------------------------------------------------
     0 | D:1      | urechis the Vine Stalker Necromancer began the quest for the Orb.
     0 | D:1      | Reached XP level 1. HP: 9/9 MP: 4/4
    65 | D:1      | Reached XP level 2. HP: 13/13 MP: 1/6
   595 | D:2      | Reached XP level 3. HP: 6/16 MP: 7/7
   656 | D:2      | Found a snail-covered altar of Cheibriados.
   690 | D:2      | Found a faded altar to an unknown god.
   701 | D:2      | Reached skill level 5 in Necromancy
   776 | D:2      | Found an iron altar of Okawaru.
   972 | D:2      | Found a bloodstained altar of Trog.
  1049 | D:2      | Reached XP level 4. HP: 13/21 MP: 8/8
  1535 | D:3      | Noticed Grinder
  1536 | D:3      | Paralysed by Grinder for 4 turns
  1562 | D:3      | Paralysed by Grinder for 4 turns
  1573 | D:3      | HP: 1/21 [Grinder (6)]
  1573 | D:3      | Slain by Grinder

Vault maps used:
D:1:      scummos_arrival_checkerplants, bh_walls_and_bars
D:2:      cheibriados_altar_1, lightli_temple_of_fire, ecumenical_altar_2,
          okawaru_gym_becter
D:3:      gammafunk_temple_overflow_statue, nicolae_overflow_crystal_walls,
          nicolae_ru_the_path_less_chosen, glass_columns_a,
          nemelex_lonely_heart_becter, uniq_grinder

Action                   |  1- 3 |  4- 6 || total
-------------------------+-------+-------++-------
Melee: Unarmed           |    13 |       ||    13
       Dagger            |   120 |    68 ||   188
       Club              |    23 |       ||    23
 Cast: Pain              |    12 |     2 ||    14
 Stab: Sleeping          |     9 |     1 ||    10
  Eat: Chunk             |       |     2 ||     2
